 Dungeon Crawl Stone Soup version 0.29-a0-962-gc8bbfd0a37 (webtiles) character file.

Game seed: 1428733366764220128

91 reriks the Shooter (level 4, 23/23 HPs)
             Began as a Spriggan Hunter on July 31, 2022.
             Was a Follower of Trog.
             Quit the game on level 3 of the Dungeon.
             The game lasted 00:01:46 (2063 turns).

reriks the Shooter (Spriggan Hunter)                Turns: 2063, Time: 00:01:47

Health: 23/23      AC:  2    Str:  7    XL:     4   Next: 34%
Magic:  5/5        EV: 19    Int: 10    God:    Trog [*.....]
Gold:   67         SH:  0    Dex: 20    Spells: 3/3 levels left

rFire   . . .      SeeInvis +   a - +0 shortbow
rCold   . . .      Faith    .   (shield currently unavailable)
rNeg    . . .      Spirit   .   c - +0 robe
rPois   .          Reflect  .   (helmet restricted)
rElec   .          Harm     .   (no cloak)
rCorr   .          Rampage  .   (gloves unavailable)
Will    .....                   (boots unavailable)
Stlth   +++.......              j - amulet of the acrobat
HPRegen 0.07/turn               (no ring)
MPRegen 0.09/turn               (no ring)

@: very quick
A: very small, no large weapons, unfitting armour, see invisible, speed 3
a: Renounce Religion, Berserk


You were on level 3 of the Dungeon.
You worshipped Trog.
Trog was aware of your devotion.
You visited 1 branch of the dungeon, and saw 3 of its levels.

You collected 67 gold pieces.

Inventory:

Hand Weapons
 a - a +0 shortbow (weapon)
Armour
 c - a +0 robe (worn)
Jewellery
 j - an amulet of the acrobat (around neck)
 p - a ring of poison resistance
Scrolls
 b - 2 scrolls of immolation
 f - a scroll of identify {unknown}
 g - a scroll of amnesia {unknown}
 i - a scroll of acquirement {unknown}
 k - a scroll of enchant armour {unknown}
 m - 3 scrolls of magic mapping {unknown}
 n - a scroll of vulnerability {unknown}
 o - a scroll of fog {unknown}
Potions
 d - a potion of invisibility {unknown}
 e - a potion of might {unknown}
 h - 3 potions of curing {unknown}
 l - a potion of heal wounds {unknown}
 q - a potion of cancellation {unknown}
 r - a potion of haste {unknown}


   Skills:
 + Level 2.3 Fighting
 + Level 4.5 Ranged Weapons
 + Level 3.8 Dodging
 + Level 3.5 Stealth


You had 3 spell levels left.
You didn't know any spells.
Your spell library was empty.

Dungeon Overview and Level Annotations

Branches:
Dungeon (3/15)

Altars:
Trog

Shops:
D:2 (


Innate Abilities, Weirdness & Mutations

You are very small and have problems with some larger weapons.
You are too small for most types of armour.
You have supernaturally acute eyesight. (SInv)
You cover ground extremely quickly. (Speed+++)


Message History

Found a stone staircase leading up.
There is an open door here.
p - a ring of poison resistance You open the door.
There is an open door here.
You now have 67 gold pieces (gained 16).
q - a fizzy emerald potion
r - a sapphire potion
Found a club.
You see here a +0 club.
You open the door.
There is an open door here.
You open the door.
There is an open door here.
You see here a +0 club.
There is a stone staircase leading up here.
There is an open door here.
You open the door.
Key pressed, stopping explore.
There is an open door here.
Done exploring.
Done exploring.
You open the door.
There is an open door here.
There is a stone staircase leading down here.
You climb downwards.
There is a stone staircase leading up here.
You start putting on your amulet.
You continue putting on your amulet of the acrobat. x5
The dart slug launches a dart at you. The slug dart misses you.
You finish putting on your amulet of the acrobat.
You feel ready to tumble and roll out of harm's way.
j - an amulet of the acrobat (around neck) Unknown command.
Do you really want to go berserk while wielding your +0 shortbow?
Okay, then.
Unknown command.
Unknown command.
Are you sure you want to abandon this character and quit the game? (Confirm with "yes".)

#.# .# #..
.. ##.. .##
... ..
#..#.# #w...
#...##
#..@.#
#........#
#J.........+
###.#...####
#.##.## #.
## #


You could see a dart slug and an endoplasm (asleep).

Vanquished Creatures
  Terence (D:2)
  4 gnolls (D:2)
  2 ball pythons (D:2)
  4 endoplasms
  3 giant cockroaches
  2 goblins (D:2)
  A hobgoblin (D:2)
  3 kobolds
  A quokka (D:1)
  4 bats
  2 frilled lizards (D:2)
  2 rats
29 creatures vanquished.

Notes
Turn   | Place    | Note
-------+----------+-------------------------------------------
     0 | D:1      | reriks the Spriggan Hunter began the quest for the Orb.
     0 | D:1      | Reached XP level 1. HP: 10/10 MP: 2/2
   659 | D:2      | Reached XP level 2. HP: 15/15 MP: 3/3
   666 | D:2      | Found a faded altar of an unknown god.
   850 | D:2      | Prayed at the altar of an unknown god.
   850 | D:2      | Became a worshipper of Trog the Wrathful
   850 | D:2      | Reached * piety under Trog
   860 | D:2      | Reached XP level 3. HP: 14/18 MP: 4/4
  1079 | D:2      | Noticed Terence
  1090 | D:2      | Killed Terence
  1091 | D:2      | Reached XP level 4. HP: 4/23 MP: 5/5
  1468 | D:2      | Found Ulott's Weapon Emporium.
  2063 | D:3      | Quit the game

Illustrated notes

Levels and vault maps discovered:
D:1:      sevenhm_arrival_forest_fort_large_4, layout_basic,
          amcnicky_mini_corridor_feature, minmay_fountain_box
D:2:      layout_loops_corners, serial_shops, nicolae_diamond_shop,
          basic_ecumenical_altar, st_stairs_8, uniq_terence
D:3:      layout_loops_corners, grunt_temple_overflow_open, serial_forest,
          infiniplex_forest_straight_2, infiniplex_forest_zigzag_1,
          infiniplex_forest_zigzag_1, infiniplex_forest_clump_small,
          infiniplex_forest_3_way, infiniplex_forest_lined_1,
          infiniplex_forest_lined_1, infiniplex_forest_end_2,
          infiniplex_forest_lined_corner

Skill      XL: |  1  2  3 |
---------------+----------+-----
Stealth        | 2 3 |  3.5
Dodging        | 3 |  3.8
Fighting       | 2 |  2.3
Ranged Weapons | |  4.5

Action                   |  1- 3 |  4- 6 || total
-------------------------+-------+-------++-------
 Fire: Shortbow          |    65 |    20 ||    85
Armor: Robe              |     2 |     2 ||     4
Dodge: Dodged            |    14 |     5 ||    19

Table legend: (Time is in decaauts)
 A = Elapsed time spent in this place.
 B = Non-inter-level travel time spent in this place.
 C = Inter-level travel time spent in this place.
 D = Time resting spent in this place.
 E = Time spent auto-exploring this place.
 F = Levels seen in this place.
 G = Mean time per level.
                   A        B        C        D        E       F      G
               +--------+--------+--------+--------+--------+-----+--------+
         Total |   1512 |   1499 |     13 |    478 |    838 |   3 |  504.0 |
       Dungeon |   1512 |   1499 |     13 |    478 |    838 |   3 |  504.0 |
               +--------+--------+--------+--------+--------+-----+--------+

Top non-repeatable levels by time:
     D:2: 1107 daAuts
     D:1: 398 daAuts
     D:3: 5 daAuts
